 Dungeon Crawl Stone Soup version 0.30.0-19-g36f170ea60 (webtiles) character file.

Game seed: 11117194510696618680

13615 monsoonserge the Basher (level 11, -11/166 HPs)
             Began as a Troll Berserker on May 30, 2023.
             Was a High Priest of Trog.
             Mangled by a komodo dragon (16 damage)
             ... on level 11 of the Dungeon.
             The game lasted 00:43:39 (10497 turns).

monsoonserge the Basher (Troll Berserker)          Turns: 10497, Time: 00:43:39

Health: -11/166    AC: 15    Str: 31    XL:     11   Next: 77%
Magic:  10/10      EV: 12    Int:  3    God:    Trog [*****.]
Gold:   697        SH:  0    Dex:  9    Spells: 10/10 levels left

rFire   + . .        q - +0 dire flail (heavy)
rCold   . . .        (shield currently unavailable)
rNeg    . . .        c - +0 acid dragon scales
rPois   +            n - +0 hat
rElec   +            h - +2 cloak "Fetisur" {rElec rPois SInv}
rCorr   +            (gloves unavailable)
SInv    +            (boots unavailable)
Will    .....        l - amulet of regeneration Stlth
                     F - +4 ring of protection
HPRegen 2.07/turn    B - ring of protection from fire
MPRegen 0.12/turn

%: no passive effects
@: berserking (expiring), very quick
A: large, unfitting armour, claws 3, regeneration 1, shaggy fur 1, tough skin 1
a: Renounce Religion, Berserk, Trog's Hand, Brothers in Arms


You were on level 11 of the Dungeon.
You worshipped Trog.
Trog was extremely pleased with you.
You visited 2 branches of the dungeon, and saw 13 of its levels.
You also visited: Sewer.

You collected 697 gold pieces.

Inventory:

Hand Weapons
 q - a +0 heavy dire flail (weapon)
 G - a +2 flail of protection
Missiles
 g - 18 poisoned darts
 y - 9 boomerangs (quivered)
 O - 6 atropa-tipped darts
 P - 6 silver boomerangs
Armour
 c - +0 acid dragon scales (worn)
 h - the +2 cloak "Fetisur" (worn) {rElec rPois SInv}
   (You acquired it on level 10 of the Dungeon)

   rElec:     It insulates you from electricity.
   rPois:     It protects you from poison.
   SInv:      It lets you see invisible.
 n - a +0 hat (worn)
 K - a +0 kite shield
 L - +0 steam dragon scales
Jewellery
 l - an amulet of regeneration (around neck)
 u - a ring of magical power
 B - a ring of protection from fire (right claw)
 C - a ring of flight
 F - a +4 ring of protection (left claw)
 I - a ring of fire
 M - an amulet of the acrobat
Wands
 b - a wand of flame (11)
 J - a wand of roots (7)
 N - a wand of charming (6)
Scrolls
 a - 4 scrolls of enchant weapon
 e - 3 scrolls of immolation
 i - a scroll of blinking
 j - 2 scrolls of vulnerability
 o - 10 scrolls of teleportation
 w - 2 scrolls of butterflies
 x - 2 scrolls of fear
 A - a scroll of enchant armour
 D - a scroll of silence
 H - a scroll of fog
Potions
 d - 4 potions of haste
 k - a potion of might
 m - 6 potions of curing
 p - 4 potions of mutation
 s - 4 potions of lignification
 v - a potion of berserk rage
 z - 7 potions of flight
 E - 5 potions of heal wounds


   Skills:
 + Level 8.0 Fighting
 + Level 11.8 Maces & Flails
 + Level 1.1 Throwing
 * Level 1.0 Armour
 + Level 9.3 Dodging
 - Level 2.0 Stealth
 - Level 0.2 Shields


You had 10 spell levels left.
You didn't know any spells.
Your spell library contained the following spells:

 Spells                   Type           Power      Damage    Failure   Level
 Sandblast                Erth           0%         2d4       58%         1
 Slow                     Hex            0%         N/A       58%         1
 Summon Small Mammal      Summ           0%         N/A       58%         1
 Passwall                 Tmut/Erth      0%         N/A       73%         2
 Call Canine Familiar     Summ           0%         N/A       91%         3
 Confusing Touch          Hex            0%         N/A       91%         3
 Ozocubu's Armour         Ice            0%         N/A       91%         3
 Portal Projectile        Hex/Tloc       0%         N/A       91%         3
 Stone Arrow              Conj/Erth      0%         3d7       91%         3
 Summon Guardian Golem    Hex/Summ       0%         N/A       91%         3
 Tukima's Dance           Hex            0%         N/A       91%         3
 Vampiric Draining        Necr           0%         2d6       91%         3
 Blade Hands              Tmut           0%         N/A       100%        5
 Metabolic Englaciation   Hex/Ice        0%         N/A       100%        5
 Simulacrum               Ice/Necr       0%         N/A       100%        6


Dungeon Overview and Level Annotations

Branches:
Dungeon (12/15)            Temple (1/1) D:6            Lair (0/5) D:11
  Sewer (visited)
    Orc: D:9-12

Altars:
Ashenzari
Cheibriados
Dithmenos
Elyvilon
Fedhas
Gozag
Hepliaklqana
Kikubaaqudgha
Makhleb
Nemelex Xobeh
Okawaru
Qazlal
Ru
Sif Muna
Trog
Uskayaw
Vehumet
Wu Jian
Xom
Yredelemnul
Zin
The Shining One


Innate Abilities, Weirdness & Mutations

You are too large for most types of armour.
You have claws for hands.
Your natural rate of healing is unusually fast.
You are covered in fur. (AC +1)
You have tough skin. (AC +1)


Message History

The floor, spattered with blood.
Press: ? - help, v - describe, . - travel
Here: a warg The floor.
You barely miss the troll. You closely miss the troll. The warg bites you.
* * * LOW HITPOINT WARNING * * *
The troll bites you but does no damage. The troll claws you.
* * * LOW HITPOINT WARNING * * *
The troll claws you.
* * * LOW HITPOINT WARNING * * *
The komodo dragon bites you!
* * * LOW HITPOINT WARNING * * *
The warg closely misses you.
You impale the troll!!
The troll is severely wounded.
The komodo dragon bites you but does no damage.
The troll bites you but does no damage. The troll closely misses you.
The troll claws you.
* * * LOW HITPOINT WARNING * * *
Unknown command.
You impale the troll!!
You kill the troll!
Trog accepts your kill.
The troll leather armour is intact enough to wear.
The warg bites you.
* * * LOW HITPOINT WARNING * * *
The komodo dragon bites you.
* * * LOW HITPOINT WARNING * * *
You perforate the warg like a sieve!!!
You kill the warg!
Trog accepts your kill. Trog grants you a weapon!
Something appears at your feet!
You see here a +2 great mace of flaming.
Your Armour skill increases to level 1!
You hit the komodo dragon but do no damage.
The komodo dragon is heavily wounded.
The komodo dragon bites you!
You die...

. ..# . ..#
.
#####..#####
.
#.....[.....
.
#...........
.
#...........
#...........
#..†@[......
#...#l......
#... .......
#... .......
#... .......
#... .......
#... .......
#... .......


You could see a komodo dragon.

Vanquished Creatures
  Erica (D:8)
  2 two-headed ogres
  Pikel (D:4)
  2 cyclopes (D:10)
  An unseen horror (D:10)
  2 kobold demonologists (D:10)
  A komodo dragon (D:10)
  A polar bear (D:10)
  4 trolls
  A hornet (D:7)
  10 yaks
  2 shadows (D:10)
  An unseen horror simulacrum (D:10)
  2 wyverns
  A vampire mosquito (D:10)
  A steam dragon (D:8)
  3 wargs (D:11)
  3 acid dragons
  A water moccasin (D:7)
  A black bear (D:6)
  4 orc warriors
  2 sky beasts (D:6)
  2 ice beasts
  3 centaurs
  4 ogres
  A kobold brigand (D:10)
  8 bullfrogs
  2 scorpions (D:7)
  A gnoll sergeant (D:7)
  4 wights (D:9)
  18 killer bees
  8 howler monkeys
  3 jellies
  10 orc priests
  6 hounds
  3 gnoll boudas (D:8)
  2 sleepcaps
  An iguana (D:5)
  17 orc wizards
  9 gnolls
  11 adders
  3 river rats (Sewer)
  2 white imps
  4 ufetubi
  A worm (Sewer)
  3 dart slugs
  41 orcs
  12 bats
  4 endoplasms
  A giant cockroach (D:1)
  5 goblins
  5 hobgoblins
  10 jackals
  3 quokkas
  14 ball pythons
  6 frilled lizards
  10 kobolds
  12 rats
296 creatures vanquished.

Vanquished Creatures (others)
  An unseen horror (D:10)
1 creature vanquished.

Grand Total: 297 creatures vanquished

Notes
Turn   | Place    | Note
-------+----------+-------------------------------------------
     0 | D:1      | monsoonserge the Troll Berserker began the quest for the
                  | Orb.
     0 | D:1      | Reached XP level 1. HP: 22/22 MP: 0/0
   273 | D:1      | Reached XP level 2. HP: 29/29 MP: 1/1
   465 | D:1      | Reached ** piety under Trog
   754 | D:1      | Found a faded altar of an unknown god.
   779 | D:1      | Reached skill level 3 in Maces & Flails
   911 | D:2      | Reached XP level 3. HP: 36/36 MP: 2/2
  1208 | D:2      | Reached XP level 4. HP: 43/45 MP: 3/3
  1341 | D:2      | Found a sacrificial altar of Ru.
  2710 | D:4      | Reached skill level 4 in Maces & Flails
  2710 | D:4      | Reached XP level 5. HP: 53/53 MP: 4/4
  2735 | D:4      | Noticed a lemure
  2736 | D:4      | Noticed a lemure
  2737 | D:4      | Noticed Pikel
  2742 | D:4      | Noticed a lemure
  2744 | D:4      | Noticed a lemure
  2753 | D:4      | Killed Pikel
  2754 | D:4      | Reached skill level 5 in Maces & Flails
  2754 | D:4      | Reached XP level 6. HP: 56/62 MP: 5/5
  2754 | D:4      | Reached XP level 7. HP: 61/68 MP: 6/6
  2827 | D:4      | Found a glowing drain.
  2872 | Sewer    | Entered a sewer
  2995 | Sewer    | Reached *** piety under Trog
  3089 | Sewer    | Reached skill level 6 in Maces & Flails
  4234 | D:5      | Entered Level 5 of the Dungeon
  4437 | D:5      | Reached skill level 1 in Stealth
  4529 | D:5      | Reached XP level 8. HP: 79/79 MP: 7/7
  4637 | D:5      | Reached skill level 7 in Maces & Flails
  5269 | D:6      | Found a staircase to the Ecumenical Temple.
  5290 | Temple   | Entered the Ecumenical Temple
  5539 | D:6      | Found a blossoming altar of Fedhas.
  5563 | D:6      | Reached **** piety under Trog
  5564 | D:6      | Reached skill level 5 in Dodging
  5607 | D:6      | Found a snail-covered altar of Cheibriados.
  5612 | D:6      | Found a shimmering altar of Xom.
  5624 | D:6      | Found a radiant altar of Vehumet.
  5660 | D:6      | Reached skill level 5 in Fighting
  5953 | D:6      | Found a shimmering blue altar of Sif Muna.
  5980 | D:6      | Reached XP level 9. HP: 88/88 MP: 8/8
  6165 | D:6      | Reached skill level 8 in Maces & Flails
  6582 | D:7      | Paralysed by a hornet for 3 turns
  6591 | D:7      | Paralysed by a hornet for 2 turns
  7345 | D:8      | Reached skill level 1 in Throwing
  7357 | D:8      | Reached skill level 9 in Maces & Flails
  7485 | D:8      | Noticed a two-headed ogre
  7510 | D:8      | Killed a two-headed ogre
  7511 | D:8      | Reached XP level 10. HP: 98/98 MP: 9/9
  7672 | D:8      | Found a shimmering altar of Xom.
  7727 | D:8      | Noticed Erica
  7737 | D:8      | Killed Erica
  8169 | D:8      | Found a hide-covered altar of Uskayaw.
  8576 | D:8      | Reached skill level 10 in Maces & Flails
  8643 | D:9      | Noticed a two-headed ogre
  8896 | D:9      | Reached ***** piety under Trog
  9168 | D:9      | Killed a two-headed ogre
  9169 | D:9      | Reached XP level 11. HP: 95/109 MP: 10/10
  9308 | D:10     | Entered Level 10 of the Dungeon
  9507 | D:10     | Reached skill level 11 in Maces & Flails
  9633 | D:10     | Identified a scroll of acquirement
  9635 | D:10     | Acquired the +2 cloak "Fetisur" {rElec rPois SInv}
 10105 | D:10     | Noticed a sixfirhy
 10116 | D:10     | Noticed a soul eater
 10190 | D:10     | Noticed a soul eater
 10457 | D:11     | Found a staircase to the Lair.
 10493 | D:11     | HP: 3/166 [komodo dragon (16)]
 10496 | D:11     | Received a gift from Trog
 10497 | D:11     | Reached skill level 1 in Armour
 10497 | D:11     | Mangled by a komodo dragon

Illustrated notes

Levels and vault maps discovered:
D:1:      lightli_arrival_chessboard, layout_basic,
          ebering_ecumenical_altar_mist, hangedman_decor_riveting
D:2:      layout_rooms, basic_altar, minmay_misc_feat_cross, nicolae_half_adder
D:3:      layout_basic
D:4:      layout_basic, portal_sewer_entry_a, uniq_pikel
D:5:      layout_loops_cross
D:6:      layout_gridville, nicolae_sif_muna_little_library,
          grunt_temple_overflow_cloverleaf, minmay_temple_entry_statues_pillars
D:7:      layout_basic, kennysheep_generic_room_8
D:8:      layout_basic, mainiacjoe_overflow_six_doors_small,
          minmay_ruined_shrine, uniq_erica
D:9:      layout_cave_pools
D:10:     layout_loops_ring, serial_ice, serial_ice_l, serial_ice_n,
          serial_ice_e, serial_ice_o, minmay_joined_circles
D:11:     layout_grid_maze, erik_lair_orcish_takeover
D:12:     layout_cave_pools, orc_0_dummy
Temple:   nicolae_temple_superstar

Skill      XL: |  1  2  3  4  5  6  7  8  9 10 11 |
---------------+----------------------------------+-----
Maces & Flails | 3 4 5 6 7 9 10 11 | 11.8
Dodging        | 3 4 5 6 8 9 |  9.3
Fighting       | 3 4 5 6 7 8 |  8.0
Stealth        | 1 2 |  2.0
Throwing       | 1 |  1.1
Armour         | 1 |  1.0
Shields        | |  0.2

Action                     |  1- 3 |  4- 6 |  7- 9 | 10-12 || total
---------------------------+-------+-------+-------+-------++-------
  Melee: Mace              |   112 |    35 |       |       ||   147
         Punch             |     1 |       |     3 |       ||     4
         Flail             |       |    36 |   100 |   153 ||   289
         Whip              |       |       |   484 |       ||   484
         Giant spiked club |       |       |     1 |   189 ||   190
         Dire flail        |       |       |       |   155 ||   155
  Throw: Boomerang         |       |       |     2 |     2 ||     4
         Dart              |       |       |     7 |       ||     7
 Invoke: Berserk           |       |     1 |     6 |     5 ||    12
         Trog's Hand       |       |       |     1 |     2 ||     3
  Evoke: Wand              |       |       |       |     1 ||     1
    Use: Potion            |       |       |       |     3 ||     3
         Scroll            |       |       |       |    20 ||    20
   Stab: Sleeping          |       |       |     1 |     1 ||     2
 Armour: Animal skin       |    55 |    31 |   267 |    32 ||   385
         Steam dragon scal |       |       |       |   326 ||   326
         Acid dragon scale |       |       |       |    22 ||    22
  Dodge: Dodged            |    57 |    45 |   307 |   481 ||   890
  Block: Kite shield       |       |       |       |    14 ||    14
